 Dungeon Crawl Stone Soup version 0.30.1-1-g62c8e00024 (webtiles) character file.

Game seed: 11148107046557552313

3281 ChadusMaximus the Cleaver (level 9, -1/81 HPs)
             Began as a Minotaur Fighter on July 16, 2023.
             Was an Initiate of Okawaru.
             Slain by a yak (8 damage)
             ... on level 8 of the Dungeon.
             The game lasted 00:06:22 (8669 turns).

ChadusMaximus the Cleaver (Minotaur Fighter)        Turns: 8669, Time: 00:06:22

Health: -1/81      AC: 10    Str: 27    XL:     9   Next: 69%
Magic:  9/9        EV:  8    Int: 11    God:    Okawaru [......]
Gold:   561        SH: 10    Dex: 10    Spells: 8/8 levels left

rFire   . . .        a - +0 war axe
rCold   . . .        H - +0 kite shield
rNeg    . . .        n - +0 chain mail
rPois   .            (helmet restricted)
rElec   .            (no cloak)
rCorr   +            (no gloves)
SInv    .            (no boots)
Will    +....        (no amulet) Stlth
                     y - ring of Circularity {rCorr Str+2 Int+6}
HPRegen 0.33/turn    J - ring of willpower
MPRegen 0.11/turn

%: no passive effects
@: no status effects
A: horns 2, retaliatory headbutt
a: Renounce Religion


You were on level 8 of the Dungeon.
You worshipped Okawaru.
Okawaru was noncommittal.
You visited 2 branches of the dungeon, and saw 9 of its levels.
You also visited: Ossuary.

You collected 561 gold pieces.

Inventory:

Hand Weapons
 a - a +0 war axe (weapon)
Armour
 b - a +0 scale mail
 c - a +0 buckler
 n - a +0 chain mail (worn)
 H - a +0 kite shield (worn)
 I - a scarf of harm
Jewellery
 y - the ring of Circularity (left hand) {rCorr Str+2 Int+6}
   (You found it on level 4 of the Dungeon)

   [ring of intelligence]

   Str:       It affects your strength (+2).
   Int:       It affects your intelligence (+6).
   rCorr:     It protects you from acid and corrosion.
 J - a ring of willpower (right hand)
Wands
 i - a wand of flame (32)
 r - a wand of charming (10)
 t - a wand of quicksilver (10)
 z - a wand of iceblast (4)
 G - a wand of digging (3)
Scrolls
 e - 2 scrolls of blinking {unknown}
 f - 2 scrolls of poison
 j - 2 scrolls of magic mapping {unknown}
 k - 2 scrolls of immolation {unknown}
 m - 8 scrolls of identify {unknown}
 o - 2 scrolls of fog {unknown}
 q - 3 scrolls of enchant armour {unknown}
 s - a scroll of brand weapon {unknown}
 v - 2 scrolls of teleportation
 x - 2 scrolls of noise {unknown}
 D - 5 scrolls of butterflies {unknown}
 E - a scroll of fear {unknown}
 K - a scroll of torment {unknown}
 M - a scroll of vulnerability {unknown}
Potions
 d - a potion of attraction {unknown}
 g - 3 potions of lignification {unknown}
 h - 3 potions of invisibility {unknown}
 l - 3 potions of mutation {unknown}
 p - 6 potions of flight {unknown}
 u - 2 potions of heal wounds {unknown}
 w - 6 potions of curing {unknown}
 A - a potion of degeneration {unknown}
 B - 2 potions of brilliance
 C - 2 potions of magic {unknown}
 F - a potion of haste
 L - a potion of might


   Skills:
 + Level 8.1 Fighting
 * Level 10.4 Axes
 + Level 8.2 Armour
 + Level 8.2 Shields
 * Level 2.0 Invocations


You had 8 spell levels left.
You didn't know any spells.
Your spell library contained the following spells:

 Spells                   Type           Power      Damage    Failure   Level
 Necrotise                Necr           0%         1d4       94%         1
 Dazzling Flash           Conj/Hex       0%         N/A       100%        3
 Portal Projectile        Hex/Tloc       0%         N/A       100%        3
 Vampiric Draining        Necr           0%         2d6       100%        3
 Volatile Blastmotes      Fire/Tloc      0%         2d10      100%        3
 Iskenderun's Mystic Bla  Conj/Tloc      0%         2d3       100%        4
 Leda's Liquefaction      Hex/Erth       0%         N/A       100%        4
 Manifold Assault         Tloc           0%         N/A       100%        4
 Agony                    Necr           0%         N/A       100%        5
 Dispersal                Tloc           0%         N/A       100%        6
 Starburst                Conj/Fire      0%         6d3       100%        6
 Disjunction              Tloc           0%         N/A       100%        8
 Call Canine Familiar     Summ           Unusable   N/A       N/A         3

Dungeon Overview and Level Annotations

Branches:
Dungeon (8/15)             Temple (1/1) D:4         Ossuary (visited)
   Lair: D:8-11

Altars:
Ashenzari
Cheibriados
Dithmenos
Elyvilon
Fedhas
Gozag
Kikubaaqudgha
Makhleb
Okawaru
Ru
Sif Muna
Trog
Uskayaw
Vehumet
Wu Jian
Xom
Yredelemnul
Zin
The Shining One

Annotations:
D:3 3 runed translucent doors, LavenderCorpse's ghost, amateur OgBe


Innate Abilities, Weirdness & Mutations

You have a pair of horns on your head.
You reflexively headbutt those who attack you in melee.


Message History

The yak gores you!
You hit the yak. You headbutt the yak!
You kill the yak!
Okawaru accepts your kill.
You slash the gnoll bouda!
The gnoll bouda is almost dead.
The gnoll bouda mumbles some strange prayers to its god.
The gnoll bouda is healed somewhat.
You hit the gnoll bouda but do no damage.
The gnoll bouda is severely wounded.
The gnoll bouda hits you with a +0 quarterstaff!
* * * LOW HITPOINT WARNING * * *
You block the gnoll bouda's attack.
You closely miss the gnoll bouda.
You headbutt the gnoll bouda, but do no damage.
The gnoll bouda is heavily wounded.
The gnoll bouda hits you with a +0 quarterstaff.
* * * LOW HITPOINT WARNING * * *
You barely miss the gnoll bouda.
The gnoll bouda is heavily wounded.
The gnoll bouda gazes fiercely through you!
You feel your attacks grow feeble. The gnoll bouda barely misses you.
You furiously retaliate!
You headbutt the gnoll bouda!
You kill the gnoll bouda!
Okawaru accepts your kill.
Your Invocations skill increases to level 2!
There is an open door here.
Your attacks no longer feel as feeble.
There is an open door here.
The yak barely misses you. The yak attacks as you move away! The yak gores you!
* * * LOW HITPOINT WARNING * * *
You slash the yak! Your headbutt misses the yak.
The yak is moderately wounded.
The yak misses you.
You hit the yak.
The yak is moderately wounded.
The yak gores you!
You die...

#.....##......#.#.####### #.#.
####.....##......#.#.......# #...
.).'.....'.......#.#######.#####.
####.....###.....#.# #.#...#.
#########.....#.# #.#)#.#.
#...........#.# #.#.#.#.
#.........#.#.# #.#.#.#.
#.........#Y#.# #.#.#...
#.........#@#.# #.#.###.
#######.#.#.#'#######.#.# #.
#.#.#...........#.# ## ######
#.#.#...........#.#
###....###.#.#...........#.#
#......))..#.#.###.###...#.#
#.#.##.#####.#.#8#.#8#...#.#
#.#.##.......#.#.#.#.#...#.#
#.#.##########.#.).).#.#.#.#


You could see a yak.

Vanquished Creatures
  Pikel (D:8)
  Prince Ribbit (D:6)
  2 humans (D:8)
  3 yaks (D:8)
  2 wyverns
  A water moccasin (D:5)
  2 ogres
  A centaur (D:6)
  A lemure (D:8)
  A kobold brigand (D:8)
  2 bullfrogs
  A scorpion (D:5)
  5 killer bees (D:7)
  4 hounds
  2 orc priests
  2 gnoll boudas
  3 iguanas
  2 jellies
  3 sleepcaps
  An orc wizard (D:7)
  8 mummies (Ossuary)
  6 gnolls
  7 adders
  A shadow imp (D:6)
  3 white imps
  An ufetubus (D:7)
  4 worms
  3 dart slugs
  13 orcs
  9 endoplasms
  3 giant cockroaches
  4 gnoll zombies (Ossuary)
  4 hobgoblins
  4 jackals (D:4)
  5 kobolds
  2 quokkas
  8 ball pythons
  A bat (D:3)
  7 frilled lizards
  9 goblins
  A hobgoblin zombie (Ossuary)
  2 kobold zombies (Ossuary)
  An orc zombie (Ossuary)
  7 rats
153 creatures vanquished.

Notes
Turn   | Place    | Note
-------+----------+-------------------------------------------
     0 | D:1      | ChadusMaximus the Minotaur Fighter began the quest for the
                  | Orb.
     0 | D:1      | Reached XP level 1. HP: 19/19 MP: 0/0
   139 | D:1      | Reached XP level 2. HP: 26/27 MP: 1/1
   300 | D:1      | Reached skill level 3 in Axes
   445 | D:1      | Reached XP level 3. HP: 33/33 MP: 2/2
   905 | D:2      | Reached XP level 4. HP: 40/40 MP: 3/3
  1239 | D:3      | Found a runed translucent gate.
  1247 | D:3      | Found a runed translucent gate.
  1248 | D:3      | Found a runed translucent gate.
  2056 | D:3      | Noticed LavenderCorpse's ghost (amateur OgBe)
  2174 | D:3      | Reached skill level 4 in Axes
  2454 | D:4      | Found a staircase to the Ecumenical Temple.
  2465 | D:4      | Reached XP level 5. HP: 34/47 MP: 4/4
  2471 | Temple   | Entered the Ecumenical Temple
  2694 | D:4      | HP: 2/47 [gnoll/+0 halberd[a gnoll bouda] (9)]
  2946 | D:4      | Reached skill level 5 in Axes
  2978 | D:4      | Reached XP level 6. HP: 55/55 MP: 5/5
  3145 | D:4      | Reached skill level 5 in Shields
  3213 | D:4      | Identified the ring of Circularity {rCorr Str+2 Int+6}
  3247 | D:4      | Reached skill level 5 in Armour
  3397 | D:5      | Entered Level 5 of the Dungeon
  3406 | D:5      | Reached skill level 5 in Fighting
  3668 | D:5      | Found a glowing golden altar of the Shining One.
  3747 | D:5      | Noticed a water moccasin
  3756 | D:5      | Killed a water moccasin
  3757 | D:5      | Reached skill level 6 in Axes
  3757 | D:5      | Reached XP level 7. HP: 11/61 MP: 6/6
  4153 | D:5      | Found a glowing silver altar of Zin.
  4153 | D:5      | Found a burning altar of Makhleb.
  4153 | D:5      | Found a radiant altar of Vehumet.
  4736 | D:6      | Reached skill level 7 in Axes
  4792 | D:6      | Found a sand-covered staircase.
  4800 | Ossuary  | Entered an ossuary
  4837 | Ossuary  | Reached XP level 8. HP: 7/70 MP: 7/7
  5331 | D:6      | Noticed Prince Ribbit
  5354 | D:6      | Killed Prince Ribbit
  5355 | D:6      | Reached skill level 8 in Axes
  6664 | D:7      | Found a shimmering blue altar of Sif Muna.
  6680 | D:7      | Found a sacrificial altar of Ru.
  7395 | D:7      | Reached skill level 9 in Axes
  7735 | D:8      | Noticed Pikel
  7749 | D:8      | Killed Pikel
  7750 | D:8      | Reached XP level 9. HP: 48/79 MP: 8/8
  8310 | D:8      | Found an iron altar of Okawaru.
  8329 | D:8      | Reached skill level 10 in Axes
  8333 | D:8      | Became a worshipper of Warmaster Okawaru
  8637 | D:8      | Reached skill level 1 in Invocations
  8669 | D:8      | Slain by a yak

Illustrated notes

Levels and vault maps discovered:
D:1:      wander_arrival_estate, layout_basic, serial_forest,
          infiniplex_forest_lined_room_3, infiniplex_forest_lined_room_3,
          infiniplex_forest_zigzag_1, infiniplex_forest_clump_tiny,
          infiniplex_forest_lined_3_way, infiniplex_forest_clump_tiny,
          minmay_misc_feat_alley
D:2:      layout_rooms
D:3:      layout_loops_corners, gammafunk_ghost_icy, kennysheep_generic_room_13
D:4:      layout_basic, minmay_temple_entry_glassed_door
D:5:      layout_rooms, minitemple, mainiacjoe_overflow_chevrons,
          hangedman_abyss_or_decor_jellyfish_corner
D:6:      layout_layer_cave, nicolae_ossuary_entry_plus, uniq_prince_ribbit1
D:7:      layout_rooms, lemuel_crystal_altar, lemuel_doored_altar, eino_jars
D:8:      layout_basic, okawaru_humans, nemelex_xobeh_ov_fountains_minmay,
          dreamdust_gnoll_shepherd, uniq_pikel
Temple:   nicolae_temple_hex_pool

Skill      XL: |  1  2  3  4  5  6  7  8  9 |
---------------+----------------------------+-----
Axes           | 3 4 5 6 7 9 10 | 10.4
Armour         | 4 5 6 7 8 |  8.2
Fighting       | 4 5 6 7 8 |  8.1
Shields        | 4 5 6 7 8 |  8.2
Invocations    | 2 |  2.0

Action                     |  1- 3 |  4- 6 |  7- 9 || total
---------------------------+-------+-------+-------++-------
  Melee: War axe           |    75 |   118 |   186 ||   379
         Headbutt          |     6 |    23 |    31 ||    60
    Use: Potion            |       |     4 |     1 ||     5
         Scroll            |       |     2 |       ||     2
 Armour: Scale mail        |    12 |       |       ||    12
         Chain mail        |    21 |    67 |    78 ||   166
  Dodge: Dodged            |    26 |    68 |    74 ||   168
  Block: Buckler           |    16 |    35 |    13 ||    64
         Kite shield       |       |       |    66 ||    66
